[Event "Titled Tuesday Blitz March 01 Late 2022"]
[White "Ruiz Aguilar, Pablo Alexander"]
[Black "Karttunen, Mika"]
[WhiteFideId "4401352"]
[BlackFideId "502081"]
[WhiteElo "2125"]
[BlackElo "2343"]
[Result "1-0"]
[Round "05"]
[TimeControl "180+1"]
[Date "2022.03.02"]
[WhiteClock "0:00:20"]
[BlackClock "0:00:01"]

1. e4 e5 2. Nf3 Nc6 3. Bb5 a6 4. Ba4 Nf6 5. d3 d6 6. c3 Be7 7. O-O O-O 8. Re1 h6 9. Nbd2 Be6 10. Nf1 b5 11. Bc2 Na5 12. d4 exd4 13. cxd4 c5 14. d5 Bg4 15. h3 Bh5 16. Ng3 Bg6 17. Nh4 Nd7 18. Nhf5 Nc4 19. f4 Bf6 20. Rb1 Bh4 21. Qg4 h5 22. Qxh4 Nf6 23. Bd3 Re8 24. Bxc4 bxc4 25. Bd2 Nxd5 26. Qxd8 Raxd8 27. exd5 h4 28. Ne7+ Rxe7 29. Rxe7 Bxb1 30. Nf1 Bxa2 31. Bc3 Kf8 32. Ra7 Re8 33. Kf2 Bb1 34. Ne3 Be4 35. Rxa6 Rd8 36. Ra7 f6 37. f5 Re8 38. Rd7 1-0


[Site "https://www.chess.com"]

[Event "Titled Tuesday Blitz March 01 Late 2022"]
[White "Sadhwani, Raunak"]
[Black "Holt, Conrad"]
[WhiteFideId "35093487"]
[BlackFideId "2034387"]
[WhiteElo "2616"]
[BlackElo "2586"]
[Result "1-0"]
[Round "05"]
[TimeControl "180+1"]
[Date "2022.03.01"]
[WhiteClock "0:00:09"]
[BlackClock "0:00:02"]

1. d4 d5 2. Nf3 Nf6 3. Bf4 c5 4. e3 Nc6 5. Nbd2 cxd4 6. exd4 Bf5 7. Bb5 e6 8. Ne5 Qb6 9. c4 Bb4 10. Bxc6+ bxc6 11. c5 Qb5 12. Qe2 Bxd2+ 13. Qxd2 Ne4 14. a4 Qb7 15. Qa5 f6 16. Nd3 g5 17. Qc7 Qc8 18. Qxc8+ Rxc8 19. Be3 Rb8 20. b4 a6 21. f3 Ng3 22. hxg3 Bxd3 23. Kd2 Bc4 24. Kc3 Kf7 25. Rab1 Kg6 26. g4 h6 27. f4 f5 28. gxf5+ exf5 29. Bd2 Rbe8 30. Rbe1 Be2 31. fxg5 h5 32. Bf4 Re4 33. Be5 Re8 34. Kd2 Bc4 35. Rxe4 dxe4 36. Rc1 Bb3 37. b5 axb5 38. axb5 cxb5 39. c6 Kxg5 40. c7 Rc8 41. Ke3 Bc4 42. Rd1 Bd5 43. Rb1 Bc4 44. Ra1 h4 45. Ra6 1-0


[Site "https://www.chess.com"]

[Event "Titled Tuesday Blitz March 01 Late 2022"]
[White "Salinas Herrera, Pablo"]
[Black "Sarana, Alexey"]
[WhiteFideId "3407128"]
[BlackFideId "24133795"]
[WhiteElo "2541"]
[BlackElo "2665"]
[Result "0-1"]
[Round "05"]
[TimeControl "180+1"]
[Date "2022.03.01"]
[WhiteClock "0:01:57"]
[BlackClock "0:01:14"]

1. d4 Nf6 2. Nf3 e6 3. Bf4 c5 4. e3 b6 5. Bd3 Bb7 6. O-O Be7 7. Re1 O-O 8. c3 d6 9. e4 Nbd7 10. h3 Re8 11. Bh2 Nf8 12. a3 Ng6 13. Qe2 Rc8 14. Nbd2 Nh5 15. Bb5 Rf8 16. Rad1 cxd4 17. Nxd4 Nhf4 18. Qf3 Bg5 19. Bf1 Ne5 20. Qg3 Nh5 0-1


[Site "https://www.chess.com"]

[Event "Titled Tuesday Blitz March 01 Late 2022"]
[White "Saraci, Nderim"]
[Black "Li, Ben"]
[WhiteFideId "6351921"]
[BlackFideId "2089980"]
[WhiteElo "2573"]
[BlackElo "2267"]
[Result "0-1"]
[Round "05"]
[TimeControl "180+1"]
[Date "2022.03.01"]
[WhiteClock "0:00:03"]
[BlackClock "0:00:12"]

1. b3 e5 2. Bb2 Nc6 3. e3 g6 4. c4 Bg7 5. Nf3 d6 6. d4 e4 7. Nfd2 f5 8. Nc3 Nf6 9. Be2 O-O 10. O-O a5 11. f3 exf3 12. Bxf3 Re8 13. Re1 Bd7 14. Nf1 Kh8 15. Ng3 Qe7 16. e4 fxe4 17. Ncxe4 Nxe4 18. Nxe4 Qh4 19. Qd2 Rf8 20. Rad1 Rae8 21. g3 Qh6 22. Ng5 Rxe1+ 23. Rxe1 Bf6 24. h4 Qg7 25. Bxc6 bxc6 26. Re2 h6 27. Ne6 Bxe6 28. Rxe6 Kh7 29. Re2 Qd7 30. d5 Qg4 31. Bxf6 Rxf6 32. Re7+ Kg8 33. Re3 Rf3 34. Rxf3 Qxf3 35. Qe1 cxd5 36. Qe8+ Kg7 37. Qe7+ Qf7 38. Qe2 dxc4 39. bxc4 Qf6 40. Kg2 h5 41. Qd2 Qe5 42. Kf3 a4 43. Qd3 Kf6 44. Qd2 Qf5+ 45. Ke3 Qe5+ 46. Kd3 Qxg3+ 47. Kc2 Qe5 48. Qf2+ Qf5+ 0-1


[Site "https://www.chess.com"]

[Event "Titled Tuesday Blitz March 01 Late 2022"]
[White "Sargsyan, Anna M."]
[Black "Rabineau, Clement"]
[WhiteFideId "13308130"]
[BlackFideId "628891"]
[WhiteElo "2271"]
[BlackElo "2237"]
[Result "1-0"]
[Round "05"]
[TimeControl "180+1"]
[Date "2022.03.02"]
[WhiteClock "0:00:48"]
[BlackClock "0:00:05"]

1. d4 d6 2. c4 e5 3. Nf3 exd4 4. Nxd4 g6 5. g3 Bg7 6. Bg2 Ne7 7. O-O Nbc6 8. Nc2 O-O 9. e4 Be6 10. Ne3 Nd4 11. Nc3 c5 12. f4 f5 13. Re1 fxe4 14. Nxe4 Nec6 15. Ng5 Kh8 16. Bd2 Bg8 17. Bc3 Qd7 18. Bh3 Qd8 19. Nd5 a6 20. Re4 b5 21. Ne6 Nxe6 22. Bxe6 Bxe6 23. Bxg7+ Kxg7 24. Rxe6 Nd4 25. Re7+ Rf7 26. Rxf7+ Kxf7 27. Qd3 Qe8 28. Kf2 Rb8 29. Re1 Qd7 30. Re7+ Qxe7 31. Nxe7 Kxe7 32. b3 Kd7 33. g4 Re8 34. Kg3 Re2 35. a4 bxa4 36. bxa4 Rb2 37. Qe4 Rb3+ 38. Kg2 Ra3 39. Qb7+ Ke6 40. Qxa6 Ra2+ 41. Kg3 Ra3+ 42. Kf2 Ra2+ 43. Ke3 Rxh2 44. Qc8+ Ke7 45. Qc7+ Ke6 46. a5 Rh3+ 47. Kd2 Rh2+ 48. Kc3 Ra2 49. a6 Ra3+ 50. Kb2 Rb3+ 51. Ka2 Rb4 52. a7 Ra4+ 53. Kb2 Rb4+ 54. Kc3 Ra4 55. Qc8+ Kf6 56. a8=Q Rxa8 57. Qxa8 1-0


[Site "https://www.chess.com"]

[Event "Titled Tuesday Blitz March 01 Late 2022"]
[White "Sarkar, Justin"]
[Black "Araujo Filho, Luiz Antonio Coel"]
[WhiteFideId "2010011"]
[BlackFideId "2130661"]
[WhiteElo "2038"]
[BlackElo "2204"]
[Result "0-1"]
[Round "05"]
[TimeControl "180+1"]
[Date "2022.03.02"]
[WhiteClock "0:00:01"]
[BlackClock "0:00:55"]

1. d4 f5 2. g3 Nf6 3. Bg2 g6 4. c4 Bg7 5. Nc3 O-O 6. Nf3 d6 7. O-O Nc6 8. d5 Na5 9. Qd3 c5 10. Nd2 a6 11. e4 fxe4 12. Ndxe4 Bd7 13. Ng5 Rb8 14. Ne6 Bxe6 15. dxe6 Qc8 16. Re1 Ng4 17. Nd5 Qd8 18. Bf4 b5 19. cxb5 axb5 20. Rab1 Ne5 21. Bxe5 Bxe5 22. f4 Bd4+ 23. Kh1 Nc4 24. b3 Nb6 25. Rbd1 Nxd5 26. Bxd5 Qa5 27. Re2 Bg7 28. Rf1 Rbc8 29. f5 gxf5 30. Rxf5 Rxf5 31. Qxf5 Rf8 32. Qg4 Qc3 33. Kg2 Qc1 0-1


[Site "https://www.chess.com"]

[Event "Titled Tuesday Blitz March 01 Late 2022"]
[White "Seo, Jung Min"]
[Black "Golubev, Mikhail"]
[WhiteFideId "1734687"]
[BlackFideId "14100983"]
[WhiteElo "2401"]
[BlackElo "2374"]
[Result "1/2-1/2"]
[Round "05"]
[TimeControl "180+1"]
[Date "2022.03.01"]
[WhiteClock "0:00:59"]
[BlackClock "0:00:03"]

1. e4 c5 2. Nf3 d6 3. d4 Nf6 4. Nc3 cxd4 5. Nxd4 g6 6. Be2 Bg7 7. Be3 Nc6 8. Qd2 O-O 9. O-O-O Ng4 10. Bxg4 Bxg4 11. f3 Bd7 12. h4 Ne5 13. b3 Rc8 14. Kb1 Re8 15. h5 Qa5 16. Nce2 Qxd2 17. Rxd2 b5 18. hxg6 hxg6 19. Kb2 a5 20. c3 b4 21. c4 Rxc4 22. bxc4 Nxc4+ 23. Kb3 Nxe3 24. Rc1 Rb8 25. Rc7 a4+ 26. Kb2 Bb5 27. Kb1 Nc4 28. Rd1 Na3+ 29. Kc1 Bxe2 30. Nxe2 b3 31. axb3 axb3 32. Rxe7 b2+ 33. Kd2 b1=Q 34. Rxb1 Nxb1+ 35. Kd3 Rb3+ 36. Kc2 Rb2+ 37. Kd3 Rd2+ 38. Ke3 Rd1 39. Re8+ Kh7 40. Re7 f5 41. exf5 gxf5 42. Kf2 Rd2 43. Ke1 Ra2 44. Nf4 Kg8 45. g4 Be5 46. Ng6 Bg3+ 47. Kd1 Nc3+ 48. Kc1 f4 49. Rc7 Be1 50. Ne7+ Kf8 51. Ng6+ Kg8 52. Ne7+ Kf8 53. Ng6+ Kg8 1/2-1/2


[Site "https://www.chess.com"]

[Event "Titled Tuesday Blitz March 01 Late 2022"]
[White "Shuvalova, Polina"]
[Black "Domingo Nunez, Alejandro"]
[WhiteFideId "24171760"]
[BlackFideId "22245561"]
[WhiteElo "2355"]
[BlackElo "2215"]
[Result "0-1"]
[Round "05"]
[TimeControl "180+1"]
[Date "2022.03.02"]
[WhiteClock "0:00:02"]
[BlackClock "0:00:11"]

1. d4 g6 2. Nf3 Bg7 3. c4 d6 4. Nc3 Nd7 5. e4 e5 6. Be2 Ne7 7. O-O O-O 8. Re1 exd4 9. Nxd4 Nc6 10. Be3 Re8 11. Nxc6 bxc6 12. Qd2 Rb8 13. Rad1 a5 14. f3 Qe7 15. Bf1 Ba6 16. b3 Nc5 17. Ne2 a4 18. b4 Nd7 19. Nd4 Ne5 20. b5 Bb7 21. h3 c5 22. Nc2 Nd7 23. a3 Nb6 24. Kh1 Bc8 25. Bg5 Qf8 26. Ne3 h6 27. Bh4 Bd4 28. Qc2 Qg7 29. Nd5 Nxd5 30. exd5 Bf5 31. Bd3 Bxd3 32. Qxd3 Bb2 33. Bf2 Qc3 34. Qxc3 Bxc3 35. Rxe8+ Rxe8 36. Rd3 Bb2 37. Be3 g5 38. Kg1 Kg7 39. Kf2 f5 40. g3 Kf6 41. f4 g4 42. h4 Re4 43. b6 cxb6 44. Bd2 Rxc4 45. Re3 Bd4 46. Ke2 Bxe3 0-1


[Site "https://www.chess.com"]

[Event "Titled Tuesday Blitz March 01 Late 2022"]
[White "Stankovic, Ivan G"]
[Black "Rudzinska, Michalina"]
[WhiteFideId "902837"]
[BlackFideId "1172883"]
[WhiteElo "2195"]
[BlackElo "1904"]
[Result "1-0"]
[Round "05"]
[TimeControl "180+1"]
[Date "2022.03.02"]
[WhiteClock "0:00:32"]
[BlackClock "0:02:05"]

1. e4 c5 2. c4 Nc6 3. Nc3 g6 4. g3 Nd4 5. Bg2 Bg7 6. Nge2 e6 7. d3 Ne7 8. O-O Nec6 9. Rb1 O-O 10. a3 Qe7 11. Be3 a6 12. b4 Nxe2+ 13. Nxe2 cxb4 14. axb4 Nxb4 15. c5 a5 16. d4 d6 17. cxd6 Qxd6 18. e5 Qe7 19. Nc3 Rd8 20. Ne4 Bxe5 21. Bg5 f6 22. dxe5 Rxd1 23. Nxf6+ Kf7 24. Rfxd1 Qc7 25. Rbc1 Qxe5 26. Nxh7 Nd5 27. Bxd5 exd5 28. Bf4 Qe4 29. Ng5+ 1-0


[Site "https://www.chess.com"]

[Event "Titled Tuesday Blitz March 01 Late 2022"]
[White "Steenbekkers, Franck"]
[Black "Miszler, Levente"]
[WhiteFideId "1004220"]
[BlackFideId "763276"]
[WhiteElo "2170"]
[BlackElo "1966"]
[Result "0-1"]
[Round "05"]
[TimeControl "180+1"]
[Date "2022.03.02"]
[WhiteClock "0:00:01"]
[BlackClock "0:00:06"]

1. e4 e6 2. d4 a6 3. Nc3 b5 4. Bd3 Bb7 5. Nf3 c5 6. dxc5 Bxc5 7. O-O Ne7 8. e5 d6 9. a4 b4 10. Ne4 Bxe4 11. Bxe4 d5 12. Bd3 h6 13. Bf4 Nd7 14. Rc1 O-O 15. Qd2 f5 16. Bxh6 gxh6 17. Qxh6 Rf7 18. Ng5 Qf8 19. Qxe6 Ra7 20. c3 Qg7 21. Nxf7 Qxf7 22. Qxf7+ Kxf7 23. Rfe1 Ke6 24. g3 Nxe5 25. cxb4 Bxb4 26. f4 Bxe1 27. Rxe1 Nc6 28. b4 Nxb4 29. Rxe5+ Kd6 30. Bxf5 Rc7 31. h4 d4 32. Re6+ Kd5 33. Rb6 Kc4 34. h5 a5 35. h6 d3 36. h7 d2 37. h8=Q d1=Q+ 38. Kg2 Qe2+ 39. Kh3 Qf1+ 40. Kg4 Qe2+ 41. Kg5 Qe7+ 42. Qf6 Qxf6+ 43. Kxf6 Kb3 44. g4 Kxa4 45. g5 Nd5+ 46. Ke5 Nxb6 47. g6 Kb4 48. Be4 a4 49. f5 a3 0-1


[Site "https://www.chess.com"]

[Event "Titled Tuesday Blitz March 01 Late 2022"]
[White "Suarez Uriel, Adrian"]
[Black "Kulon, Klaudia"]
[WhiteFideId "22230874"]
[BlackFideId "1131044"]
[WhiteElo "2316"]
[BlackElo "2281"]
[Result "1-0"]
[Round "05"]
[TimeControl "180+1"]
[Date "2022.03.02"]
[WhiteClock "0:00:29"]
[BlackClock "0:00:15"]

1. e4 e5 2. Nf3 Nc6 3. Bb5 a6 4. Ba4 d6 5. O-O Bd7 6. d4 b5 7. Bb3 exd4 8. Bd5 Nf6 9. Nxd4 Nxd5 10. exd5 Ne5 11. f4 Ng6 12. a4 Be7 13. axb5 axb5 14. Rxa8 Qxa8 15. Nc3 b4 16. Ncb5 O-O 17. c4 bxc3 18. Nxc3 Bf6 19. Kh1 Ne7 20. Nde2 Bg4 21. h3 Bxe2 22. Qxe2 Nxd5 23. Ne4 Re8 24. Qf3 Bd4 25. Rd1 Qa7 26. Nxd6 cxd6 27. Qxd5 Bc5 28. Bd2 Qb6 29. Bc3 h6 30. f5 Re2 31. f6 gxf6 32. Bxf6 Qa7 33. Qf3 Rf2 34. Qg4+ Kf8 35. Qc8# 1-0


[Site "https://www.chess.com"]

[Event "Titled Tuesday Blitz March 01 Late 2022"]
[White "Suder, Jakub"]
[Black "Osmonbekov, Talaibek"]
[WhiteFideId "1195310"]
[BlackFideId "2017253"]
[WhiteElo "2058"]
[BlackElo "2135"]
[Result "1-0"]
[Round "05"]
[TimeControl "180+1"]
[Date "2022.03.02"]
[WhiteClock "0:00:02"]
[BlackClock "0:00:02"]

1. d4 e6 2. c4 f5 3. Nc3 Bb4 4. Qc2 Nf6 5. e3 O-O 6. Bd3 b6 7. Ne2 Bb7 8. O-O a5 9. f3 Qe8 10. b3 Na6 11. Bb2 Qh5 12. a3 Bd6 13. Nf4 Qh6 14. g3 g5 15. Ng2 g4 16. e4 f4 17. Ne2 gxf3 18. Rxf3 Ng4 19. h4 fxg3 20. Raf1 Rxf3 21. Rxf3 Nh2 22. Re3 Rf8 23. Qd1 Rf1+ 24. Qxf1 Nxf1 25. Kxf1 Qf8+ 26. Nef4 Bxf4 27. Rf3 e5 28. dxe5 Nc5 29. Rxf4 Qh6 30. Be2 Nxe4 31. c5 Nd2+ 32. Ke1 Bxg2 33. Rg4+ Kf8 34. Rxg3 Bd5 35. Rd3 Bxb3 36. Rxd2 Qxh4+ 37. Kf1 Qf4+ 38. Ke1 Qg3+ 39. Kf1 Be6 40. Bd3 Bh3+ 41. Ke2 Bg4+ 42. Kf1 Bh3+ 43. Ke2 Qg4+ 44. Ke1 Qg1+ 45. Ke2 Bf1+ 46. Kf3 Bxd3 47. Rxd3 Qxc5 48. Bd4 Qd5+ 49. Ke3 Qc4 50. Rc3 Qe6 51. Rxc7 Qh3+ 52. Ke4 Qxa3 53. Rxd7 h5 54. e6 Qb3 55. Kf5 Qd3+ 56. Kf6 Qf1+ 57. Ke5 Qe2+ 58. Kd6 1-0


[Site "https://www.chess.com"]

[Event "Titled Tuesday Blitz March 01 Late 2022"]
[White "Suleymanli, Aydin"]
[Black "Weetik, Vjacheslav"]
[WhiteFideId "13413937"]
[BlackFideId "4153472"]
[WhiteElo "2529"]
[BlackElo "2469"]
[Result "1-0"]
[Round "05"]
[TimeControl "180+1"]
[Date "2022.03.01"]
[WhiteClock "0:00:13"]
[BlackClock "0:00:02"]

1. e4 c6 2. d4 d5 3. e5 Bf5 4. Nd2 e6 5. Nb3 Nd7 6. Nf3 Bg6 7. h4 h6 8. c4 dxc4 9. Bxc4 Ne7 10. h5 Bh7 11. Bd3 Bxd3 12. Qxd3 Nd5 13. O-O Be7 14. Bd2 O-O 15. Rac1 Qb6 16. a4 a5 17. Rc2 Rfd8 18. Rfc1 Nb4 19. Bxb4 Bxb4 20. Qe3 Be7 21. Nbd2 Qa7 22. Ne4 Nb6 23. Nc5 Rd5 24. Qb3 Rad8 25. Nd3 Na8 26. Nf4 R5d7 27. d5 cxd5 28. Qd3 d4 29. Rd1 Nb6 30. Qb5 Nd5 31. Rxd4 b6 32. Rcd2 Qb7 33. Nxd5 exd5 34. Rg4 Bc5 35. Qd3 d4 36. Nh4 Qd5 37. Nf5 Qxe5 38. Re2 Qf6 39. Rxg7+ Qxg7 40. Nxg7 Kxg7 41. Re4 Rd5 42. Rg4+ Rg5 43. Rxg5+ hxg5 44. g4 Rd6 45. Kg2 Re6 46. Qf5 Be7 47. Qd5 Rd6 48. Qe5+ Rf6 49. Qxe7 1-0


[Site "https://www.chess.com"]

[Event "Titled Tuesday Blitz March 01 Late 2022"]
[White "Svane, Rasmus"]
[Black "Garriga Cazorla, Pere"]
[WhiteFideId "4657101"]
[BlackFideId "32011601"]
[WhiteElo "2645"]
[BlackElo "2458"]
[Result "1-0"]
[Round "05"]
[TimeControl "180+1"]
[Date "2022.03.01"]
[WhiteClock "0:00:20"]
[BlackClock "0:00:05"]

1. Nf3 c5 2. c4 Nc6 3. Nc3 Nf6 4. e3 g6 5. d4 cxd4 6. exd4 d5 7. cxd5 Nxd5 8. Qb3 e6 9. Bb5 Bg7 10. O-O O-O 11. Bxc6 bxc6 12. Re1 Qd6 13. Ne4 Qb4 14. Qc2 a5 15. Bd2 Qb6 16. Rac1 a4 17. Nc5 a3 18. b3 Rd8 19. Ne5 Qc7 20. Rcd1 Rb8 21. Ncd3 Bb7 22. Qc1 Ra8 23. Bh6 Bh8 24. Nc5 Bc8 25. Ne4 f6 26. Nc4 Nb4 27. Bd2 Nd3 28. Qc3 Nxe1 29. Rxe1 f5 30. Ng5 Bxd4 31. Qh3 Qg7 32. Nf3 Bf6 33. Bh6 Qc7 34. Bg5 Bxg5 35. Nxg5 Qe7 36. Qg3 Ba6 37. Ne5 Bb5 38. h4 Rd4 39. h5 Rad8 40. hxg6 h6 41. Ngf7 Rd1 42. f4 Rxe1+ 43. Qxe1 Qc5+ 44. Kh2 Rd4 45. Qh4 Qf8 46. Nxh6+ Kg7 47. Nhf7 1-0


[Site "https://www.chess.com"]

[Event "Titled Tuesday Blitz March 01 Late 2022"]
[White "Sztokbant, Bernardo Vainzoff"]
[Black "Hoffmann, Asa"]
[WhiteFideId "2115956"]
[BlackFideId "2001470"]
[WhiteElo "2264"]
[BlackElo "2117"]
[Result "0-1"]
[Round "05"]
[TimeControl "180+1"]
[Date "2022.03.02"]
[WhiteClock "0:00:07"]
[BlackClock "0:00:17"]

1. b3 d6 2. Bb2 Nd7 3. Nf3 Ngf6 4. e3 e5 5. d4 e4 6. Nfd2 d5 7. c4 c6 8. Nc3 a6 9. Be2 Bd6 10. Qc2 O-O 11. O-O Re8 12. Rac1 h6 13. f3 exf3 14. Rxf3 Nf8 15. Nf1 Ng6 16. cxd5 cxd5 17. Bd3 Bg4 18. Rf2 Bh5 19. Bf5 Ng4 20. Bxg4 Bxg4 21. Nxd5 Rc8 22. Qd3 Rxc1 23. Bxc1 Qg5 24. Nc3 Nh4 25. Ne4 Qg6 26. Nc5 Bf5 27. e4 Bxe4 28. Nxe4 Qxe4 29. Qxe4 Rxe4 30. Bb2 Re1 31. g3 Ng6 32. Kg2 Ne7 33. Nd2 Nd5 34. Nc4 Bc7 35. Rf1 Re2+ 36. Rf2 Re4 37. Kf3 f5 38. Re2 Rxe2 39. Kxe2 Kf7 40. Kf3 g5 41. h3 h5 42. a3 Ke6 43. Nd2 b5 44. Nf1 g4+ 45. hxg4 hxg4+ 46. Ke2 f4 47. gxf4 Bxf4 48. Kd3 Kf5 49. Ke2 Ke4 50. a4 g3 51. Nxg3+ Bxg3 52. axb5 axb5 53. Kd2 Bf2 54. Ke2 Bxd4 55. Bc1 b4 56. Bd2 Bc3 57. Bc1 Kd4 58. Bh6 Nb6 59. Bg7+ Kd5 60. Bf8 Nd7 61. Be7 Nc5 62. Bxc5 Kxc5 63. Kd3 Kd5 64. Ke3 Bg7 65. Kd3 Kc5 66. Ke4 Bf6 67. Kd3 Kd5 68. Ke3 Bg5+ 69. Kd3 Bf4 70. Kc2 Kd4 71. Kb1 Kc3 72. Ka2 Be3 73. Kb1 Kxb3 74. Ka1 Bd4+ 75. Kb1 Kc3 76. Kc1 b3 77. Kb1 b2 0-1


[Site "https://www.chess.com"]

[Event "Titled Tuesday Blitz March 01 Late 2022"]
[White "Tari, Aryan"]
[Black "Ibarra Jerez, Jose Carlos"]
[WhiteFideId "1510045"]
[BlackFideId "2226332"]
[WhiteElo "2567"]
[BlackElo "2626"]
[Result "1-0"]
[Round "05"]
[TimeControl "180+1"]
[Date "2022.03.01"]
[WhiteClock "0:01:02"]
[BlackClock "0:00:01"]

1. e4 c5 2. Nc3 a6 3. f4 b5 4. g3 Bb7 5. Bg2 e6 6. d3 d5 7. f5 d4 8. Nce2 exf5 9. Nh3 Nf6 10. O-O fxe4 11. dxe4 Be7 12. Nef4 O-O 13. e5 Nd5 14. Qf3 Nxf4 15. Qxb7 Nxg2 16. Qxa8 Ne3 17. Bxe3 dxe3 18. Rad1 Qc8 19. Nf4 Qf5 20. Qf3 Qxe5 21. c3 Bg5 22. Rfe1 Bxf4 23. Qxf4 Qe6 24. b3 Nc6 25. Rxe3 Qg6 26. Qd6 Qc2 27. Rde1 g6 28. Qxc6 Kg7 29. Qxc5 1-0


[Site "https://www.chess.com"]

[Event "Titled Tuesday Blitz March 01 Late 2022"]
[White "Thavandiran, Shiyam"]
[Black "Nakamura, Hikaru"]
[WhiteFideId "2605058"]
[BlackFideId "2016192"]
[WhiteElo "2357"]
[BlackElo "2850"]
[Result "1-0"]
[Round "05"]
[TimeControl "180+1"]
[Date "2022.03.01"]
[WhiteClock "0:00:25"]
[BlackClock "0:00:35"]

1. e4 e6 2. d4 d5 3. Nc3 Nf6 4. e5 Nfd7 5. f4 c5 6. Nf3 a6 7. Be3 Qb6 8. Na4 Qa5+ 9. c3 cxd4 10. b4 Qc7 11. Qxd4 b5 12. Nb2 Nc6 13. Qd2 a5 14. Bxb5 axb4 15. c4 b3 16. O-O Rxa2 17. cxd5 exd5 18. Qxd5 Na7 19. Qxb3 Rxa1 20. Rxa1 Nxb5 21. Qxb5 Be7 22. Rc1 Qb7 23. Qxb7 Bxb7 24. Nd4 Bd8 25. Nf5 O-O 26. Nd6 Bd5 27. Nd3 Ba5 28. Kf2 g6 29. Nc5 Nb6 30. Ncb7 Nc4 31. Nxa5 Nxa5 32. Rc5 Bc6 33. Rxa5 Rb8 34. Ra2 h5 35. Rc2 Bd5 36. Rd2 Be6 37. Ne4 Ra8 38. Nc5 Bf5 39. h3 Kg7 40. Bd4 Kh6 41. Be3 Kg7 42. Nd3 Ra3 43. Ne1 Ra8 44. Nf3 Be4 45. g4 hxg4 46. hxg4 Rh8 47. Kg3 Ra8 48. Ng5 Ra3 49. Kf2 Bc6 50. Bd4 Kg8 51. Rc2 Bd7 52. Ne4 Be6 53. Nf6+ Kg7 54. Rb2 Ra4 55. Rb8 Bxg4 56. Rg8+ Kh6 57. Nxg4+ 1-0


[Site "https://www.chess.com"]

[Event "Titled Tuesday Blitz March 01 Late 2022"]
[White "Toncheva, Nadya"]
[Black "Astasio Lopez, David"]
[WhiteFideId "2924056"]
[BlackFideId "2230208"]
[WhiteElo "1920"]
[BlackElo "2355"]
[Result "0-1"]
[Round "05"]
[TimeControl "180+1"]
[Date "2022.03.02"]
[WhiteClock "0:00:50"]
[BlackClock "0:01:40"]

1. e4 c5 2. Nf3 e6 3. d4 cxd4 4. Nxd4 Nf6 5. f3 Nc6 6. Nxc6 bxc6 7. Bd3 Qb6 8. Qe2 a5 9. b3 Ba6 10. Be3 Bxd3 11. Qxd3 Bc5 12. Bxc5 Qxc5 13. Nd2 O-O 14. Qc4 Qb6 15. a4 d5 16. Qe2 Rfd8 17. Rd1 Qc5 18. Nf1 dxe4 19. Rxd8+ Rxd8 20. fxe4 h5 21. Ne3 Qc3+ 22. Kf1 Nxe4 23. Nc4 Qa1+ 0-1


[Site "https://www.chess.com"]

[Event "Titled Tuesday Blitz March 01 Late 2022"]
[White "Urazayev, Arystanbek"]
[Black "Artemenko, Oleg"]
[WhiteFideId "13709810"]
[BlackFideId "14201798"]
[WhiteElo "2321"]
[BlackElo "2287"]
[Result "1-0"]
[Round "05"]
[TimeControl "180+1"]
[Date "2022.03.01"]
[WhiteClock "0:01:34"]
[BlackClock "0:01:39"]

1. d4 Nf6 2. c4 e6 3. Nc3 Bb4 4. Qc2 O-O 5. Nf3 d5 6. e3 c5 7. cxd5 exd5 8. dxc5 Nc6 9. Be2 Bxc5 10. O-O Bd6 11. Nb5 Bb8 12. Bd2 Ne4 13. Bc3 Nxc3 14. bxc3 a6 15. Nbd4 Ne7 16. Rfd1 Ng6 17. c4 dxc4 18. Ne6 Qxd1+ 19. Rxd1 Bxe6 20. Nd4 b5 21. Nxe6 fxe6 22. Qe4 Ra7 23. Qxe6+ Kh8 24. Rd7 Rxd7 25. Qxd7 c3 26. Bd3 Ne5 27. Qe7 Rc8 28. Bf5 Rg8 29. g3 a5 30. Kg2 b4 31. Bc2 h6 32. Qc5 Rd8 33. Qxa5 Rd2 34. Qxb4 1-0


[Site "https://www.chess.com"]

[Event "Titled Tuesday Blitz March 01 Late 2022"]
[White "Vifleemskaia, Svetlana"]
[Black "Vargas Pereda, Jesus Manue"]
[WhiteFideId "4129490"]
[BlackFideId "5115710"]
[WhiteElo "1901"]
[BlackElo "1776"]
[Result "1-0"]
[Round "05"]
[TimeControl "180+1"]
[Date "2022.03.02"]
[WhiteClock "0:02:24"]
[BlackClock "0:00:03"]

1. d4 Nf6 2. c4 g6 3. Nc3 Bg7 4. e4 d6 5. Nge2 O-O 6. Ng3 e5 7. d5 a5 8. Be2 Nbd7 9. Be3 b6 10. Qd2 Nc5 11. h4 h5 12. Bg5 Qe8 13. Bh6 Kh7 14. Bxg7 Kxg7 15. f3 Bd7 16. Qg5 Rh8 17. O-O-O a4 18. Kb1 a3 19. b3 Rb8 20. Nb5 Bxb5 21. Nf5+ 1-0


[Site "https://www.chess.com"]

[Event "Titled Tuesday Blitz March 01 Late 2022"]
[White "Voit, Daria"]
[Black "Mirzoev, Azer"]
[WhiteFideId "4182146"]
[BlackFideId "13400304"]
[WhiteElo "2323"]
[BlackElo "2525"]
[Result "0-1"]
[Round "05"]
[TimeControl "180+1"]
[Date "2022.03.01"]
[WhiteClock "0:00:02"]
[BlackClock "0:00:09"]

1. c4 c5 2. Nc3 b6 3. Nf3 Bb7 4. e4 e6 5. Be2 Nf6 6. e5 Ng4 7. h3 Nh6 8. d4 cxd4 9. Qxd4 Nf5 10. Qf4 Bb4 11. O-O Bxc3 12. bxc3 O-O 13. Ba3 Re8 14. c5 Na6 15. Rab1 Qc7 16. Nd4 Nxc5 17. Nb5 Qc8 18. Bg4 a6 19. Nd6 Nxd6 20. exd6 b5 21. c4 Nd3 22. Qe3 bxc4 23. Be2 Bd5 24. Bxd3 cxd3 25. Rfc1 Qd8 26. Rb2 Qf6 27. Qxd3 Qg6 28. Qxg6 hxg6 29. Rc7 Bc6 30. Bc5 Rec8 31. f3 g5 32. Kf2 f6 33. Ke3 Kf7 34. Kd3 Kg6 35. Rb4 e5 36. a4 Kf5 37. a5 Ke6 38. Rb6 Bb5+ 39. Kc3 Bc6 40. Bb4 Ba4 41. Kc4 Bb5+ 42. Kc5 Bf1 43. Bc3 Bxg2 44. Rb7 Rxc7+ 45. dxc7 Rc8 46. Kb6 d5 47. Rb8 Kd7 48. Bb4 d4 49. Bd6 d3 50. Bb4 Bxf3 51. Kxa6 e4 52. Rxc8 Kxc8 53. Kb6 e3 54. a6 d2 0-1


[Site "https://www.chess.com"]

[Event "Titled Tuesday Blitz March 01 Late 2022"]
[White "Vusatiuk, Vladimir"]
[Black "Beerdsen, Thomas"]
[WhiteFideId "14118610"]
[BlackFideId "1030108"]
[WhiteElo "2157"]
[BlackElo "2585"]
[Result "0-1"]
[Round "05"]
[TimeControl "180+1"]
[Date "2022.03.01"]
[WhiteClock "0:00:04"]
[BlackClock "0:02:08"]

1. d4 d5 2. c4 Nc6 3. Nc3 Nf6 4. cxd5 Nxd5 5. e4 Nxc3 6. bxc3 e5 7. d5 Na5 8. Nf3 Bd6 9. Be2 O-O 10. O-O b6 11. Be3 Nb7 12. Ne1 f5 13. exf5 Bxf5 14. Bg4 Qf6 15. Bxf5 Qxf5 16. Nd3 e4 17. Nb2 Na5 18. Qd2 Qh5 19. g3 Rf3 20. Rae1 Qg4 21. Bd4 h5 22. Re3 Bf4 23. c4 Rf8 24. Rfe1 Bxe3 25. Bxe3 h4 26. Qd4 hxg3 27. hxg3 Rxg3+ 28. fxg3 Qxg3+ 29. Kh1 Qxe1+ 30. Bg1 Qh4+ 31. Kg2 Qg4+ 32. Kh1 Qf3+ 33. Kh2 Rf4 34. Qf6 gxf6 0-1


[Site "https://www.chess.com"]

[Event "Titled Tuesday Blitz March 01 Late 2022"]
[White "Winkels, Marcel"]
[Black "Atanejhad, Sahebali"]
[WhiteFideId "1003887"]
[BlackFideId "12506664"]
[WhiteElo "1900"]
[BlackElo "1978"]
[Result "0-1"]
[Round "05"]
[TimeControl "180+1"]
[Date "2022.03.02"]
[WhiteClock "0:00:14"]
[BlackClock "0:00:23"]

1. b3 c5 2. Bb2 Nc6 3. e3 e5 4. d3 d5 5. Nf3 f6 6. Be2 Bd6 7. O-O Nge7 8. Nbd2 Be6 9. c4 d4 10. exd4 cxd4 11. Ne4 Bb8 12. Nc5 Bc8 13. b4 Nxb4 14. Qa4+ Nbc6 15. Ba3 O-O 16. Rab1 b6 17. Ne4 h6 18. c5 f5 19. Ng3 e4 20. dxe4 Bxg3 21. hxg3 fxe4 22. Nd2 Bf5 23. Bb5 Rc8 24. Rfe1 e3 25. fxe3 Bxb1 26. Nxb1 dxe3 27. Nc3 Qd2 28. Qc4+ Kh8 29. Rd1 Qf2+ 30. Kh2 Ne5 31. Qh4 Nf5 32. Qh3 Nf3+ 33. Kh1 Nxg3+ 0-1


[Site "https://www.chess.com"]